 Dungeon Crawl Stone Soup version 0.23-a0-143-g1adec7b (webtiles) character file.

2 Amnesiac the Chiller (level 1, -1/15 HPs)
             Began as a Mummy Wanderer on Sept 3, 2018.
             Slain by a hobgoblin
             ... wielding a cursed -2 club
              (6 damage)
             ... on level 1 of the Dungeon.
             The game lasted 00:00:37 (127 turns).

Amnesiac the Chiller (Mummy Wanderer)                Turns: 127, Time: 00:00:38

Health: -1/15      AC:  2    Str: 16    XL:     1   Next: 25%
Magic:  1/3        EV: 11    Int: 13    God:
Gold:   23         SH:  0    Dex:  8    Spells: 2/3 levels left

rFire    x . .     SeeInvis .   b - +0 mace
rCold    + . .     Gourm    .   (no shield)
rNeg     + + +     Faith    .   d - +0 robe
rPois    ∞         Spirit   .   (no helmet)
rElec    .         Reflect  .   (no cloak)
rCorr    .         Harm     .   (no gloves)
MR       .....                  (no boots)
Stlth    +.........             (no amulet)
HPRegen  0.05/turn              (no ring)
MPRegen  0.08/turn              (no ring)

@: very slightly contaminated
A: no food or potions, fire vulnerability, cold resistance 1, negative energy
resistance 3, torment resistance, unbreathing
a: no special abilities


You were on level 1 of the Dungeon.
You were not hungry.

You visited 1 branch of the dungeon, and saw 1 of its levels.

You collected 23 gold pieces.

Inventory:

Hand Weapons
 b - a +0 mace (weapon)
Armour
 d - a +0 robe (worn)
Scrolls
 c - a scroll of teleportation {!r}


   Skills:
 - Level 1.0 Fighting
 - Level 1.5 Maces & Flails
 - Level 1.5 Armour
 - Level 1.0 Stealth
   Level 1.0 Shields
 + Level 1.5 Spellcasting
 * Level 1.6 Ice Magic


You had 2 spell levels left.
You knew the following spells:

 Your Spells              Type           Power        Failure   Level  Hunger
a - Freeze                Ice            #...         14%         1    N/A

Your spell library contained the following spells:

 Spells                   Type           Power        Failure   Level  Hunger
 Throw Frost              Conj/Ice       #.....       28%         2    N/A
 Ozocubu's Armour         Chrm/Ice       #.......     50%         3    N/A
 Summon Ice Beast         Ice/Summ       #.......     88%         4    N/A
 Throw Icicle             Conj/Ice       #.......     88%         4    N/A

Dungeon Overview and Level Annotations

Branches:
Dungeon (1/15)

Altars:


Innate Abilities, Weirdness & Mutations

You do not eat or drink.
Your flesh is vulnerable to fire.
You are immune to poison.
Your flesh is cold resistant. (rC+)
You are immune to negative energy. (rN+++)
You are immune to unholy pain and torment.
You can survive without breathing.


Message History

You closely miss the rat. The rat bites you.
You hit the rat.
You kill the rat!
No target in view!
No target in view!
No target in view!
No target in view!
You now have 23 gold pieces (gained 17).
Magic restored.
A hobgoblin comes into view. It is wielding a club.
The hobgoblin shouts!
A hobgoblin comes into view.
The hobgoblin shouts!
There are monsters nearby!
A rat comes into view.
There are monsters nearby!
A goblin comes into view.
The hobgoblin hits you with a club.
You closely miss the hobgoblin. The hobgoblin closely misses you.
The hobgoblin hits you.
* * * LOW HITPOINT WARNING * * *
The rat bites you.
* * * LOW HITPOINT WARNING * * *
Casting: Freeze (safe; 14% risk of failure)
Confirm with . or Enter, or press ? or * to list all spells.
Aiming: Freeze (safe; 14% risk of failure)
Press: ? - help, Shift-Dir - straight line, f - rat
Aim: a rat You freeze the rat.
The rat is heavily wounded.
The rat closely misses you.
Casting: Freeze (safe; 14% risk of failure)
Confirm with . or Enter, or press ? or * to list all spells.
Aiming: Freeze (safe; 14% risk of failure)
Press: ? - help, Shift-Dir - straight line, f/p - rat
Aim: a rat (heavily wounded)
You miscast Freeze.
You are very lightly contaminated with residual magic.
You feel uncomfortably cold. The rat barely misses you.
Casting: Freeze (safe; 14% risk of failure)
Confirm with . or Enter, or press ? or * to list all spells.
Aiming: Freeze (safe; 14% risk of failure)
Press: ? - help, Shift-Dir - straight line, f/p - rat
Aim: a rat (heavily wounded)
You freeze the rat.
You kill the rat!
Your magical contamination has completely faded away.
Casting: Freeze (safe; 14% risk of failure)
Confirm with . or Enter, or press ? or * to list all spells.
Aiming: Freeze (safe; 14% risk of failure)
Press: ? - help, Shift-Dir - straight line, f - hobgoblin
Aim: a hobgoblin, wielding a club You miscast Freeze.
You are very lightly contaminated with residual magic.
Frost covers your body. The hobgoblin barely misses you.
Casting: Freeze (safe; 14% risk of failure)
Confirm with . or Enter, or press ? or * to list all spells.
Aiming: Freeze (safe; 14% risk of failure)
Press: ? - help, Shift-Dir - straight line, f/p - hobgoblin
Aim: a hobgoblin, wielding a club You freeze the hobgoblin.
The hobgoblin is heavily wounded.
The hobgoblin hits you with a club.
You die...

#..............######...#
#...........##.g........#
#.........!.######.##...#
..#......g(..........######
#........g.........###
##.......#....#....#
###.......##.##...#
#.#%.......g##.##
#.##........#@.# #.
#.......gg.## #.
#........### ..........#
..#........# #..#.........
#. #.........# #..###..#.#
#.. #.....


You could see 2 hobgoblins.

Vanquished Creatures
  3 rats (D:1)
3 creatures vanquished.

Notes
Turn   | Place    | Note
-------+----------+-------------------------------------------
     0 | D:1      | Amnesiac the Mummy Wanderer began the quest for the Orb.
     0 | D:1      | Amnesiac set off with: a +0 mace, a scroll of teleportation
                  | {!r}, a +0 robe
     0 | D:1      | Reached XP level 1. HP: 15/15 MP: 2/2
     2 | D:1      | Learned a level 1 spell: Freeze
   127 | D:1      | Slain by a hobgoblin

Vault maps used:
D:1:      minmay_arrival_hallway

Action                   || total
-------------------------++-------
Melee: Mace              ||     6
 Cast: Freeze            ||     3
Armor: Robe              ||     1
Dodge: Dodged            ||     7

Table legend:
 A = Non-vault XP
 B = Vault XP
 C = Vault XP percentage of total XP
 D = Non-vault monster count
 E = Vault monster count
 F = Vault count percentage of total count
                 A         B        C        D         E       F
            +---------+---------+-------+---------+---------+-------
      Total |       3 |       0 |   0.0 |       3 |       0 |   0.0
            +---------+---------+-------+---------+---------+-------
        D:1 |       3 |       0 |   0.0 |       3 |       0 |   0.0
            +---------+---------+-------+---------+---------+-------
